 Dungeon Crawl Stone Soup version 0.15.2 (webtiles) character file.

9172 Heini the Basher (level 11, 0/103 HPs)
             Began as a Minotaur Fighter on Feb 2, 2015.
             Was a Priest of Okawaru.
             Succumbed to a scorpion's poison
             ... on Level 9 of the Dungeon.
             The game lasted 00:29:56 (9940 turns).

Heini the Basher (Minotaur Fighter)                 Turns: 9940, Time: 00:29:56

HP   0/103       AC 14     Str 23      XL: 11   Next: 19%
MP   4/4         EV  6     Int  5      God: Okawaru [***...]
Gold 621         SH  0     Dex 11      Spells:  0 memorised, 10 levels left

rFire  . . .     SeeInvis .     F - +0 dire flail
rCold  . . .     Clarity  .     U - +0 plate armour
rNeg   . . .     rCorr    .     (no shield)
rPois  .         rRot     .     (helmet restricted)
rElec  .         Spirit   .     x - +0 cloak
SustAb .         Warding  .     (no gloves)
rMut   .         Stasis   .     g - +2 pair of boots
Gourm  +                        J - cursed amulet of the gourmand
MR     .....                    (no ring)
                                (no ring)

@: lethally poisoned, very heavily drained, not resistant to hostile
enchantments, extremely unstealthy
A: retaliatory headbutt, horns 2
a: Heroism, Renounce Religion


You were on level 9 of the Dungeon.
You worshipped Okawaru.
Okawaru was most pleased with you.
You were very full.

You visited 3 branches of the dungeon, and saw 12 of its levels.

You collected 621 gold pieces.

Inventory:

Hand weapons
 a - a +1 flail
 F - a +0 dire flail (weapon)
 W - a +0 morningstar
Armour
 g - a +2 pair of boots (worn)
 x - a +0 cloak (worn)
 U - a +0 plate armour (worn)
Magical devices
 f - a wand of paralysis (12) {unknown}
 t - a wand of fireball (8) {unknown}
 u - a wand of flame (6)
 D - a wand of confusion (8) {unknown}
 O - a wand of frost (10) {unknown}
 P - a wand of fireball (5) {unknown}
 Q - a wand of cold (6) {unknown}
 R - a wand of paralysis (7) {unknown}
 S - a wand of random effects (16) {unknown}
Comestibles
 d - 4 bread rations
 i - 18 fruits
 k - 4 meat rations
 l - 9 beef jerkies
 n - 2 slices of pizza
 B - 8 royal jellies
 X - a chunk of orc flesh
Scrolls
 b - a scroll of remove curse
 c - a scroll of summoning {unknown}
 e - a scroll of fear
 j - 2 scrolls of enchant weapon
 p - a scroll of fog
 s - 4 scrolls of teleportation
 w - 2 scrolls of magic mapping
 Y - a scroll of recharging
Jewellery
 y - a +1 ring of slaying {unknown}
 z - an uncursed amulet of resist corrosion
 C - an uncursed ring of magical power {unknown}
 I - a cursed ring of loudness {unknown}
 J - a cursed amulet of the gourmand (around neck)
Potions
 h - a potion of cancellation {unknown}
 m - a potion of invisibility {unknown}
 o - a potion of cure mutation {unknown}
 q - 3 potions of brilliance
 r - a potion of degeneration {unknown}
 v - 3 potions of magic
 A - 2 potions of restore abilities
 E - a potion of might
 G - a potion of lignification
 H - a potion of resistance {unknown}
 K - a potion of heal wounds {unknown}
 M - 2 potions of flight
 T - a potion of porridge
Books
 V - a book of the Earth

   Spells                             Type                      Level
   Leda's Liquefaction                Hexes/Earth                  4
   Bolt of Magma                      Conjuration/Fire/Earth       5
   Statue Form                        Transmutation/Earth          6
   Iron Shot                          Conjuration/Earth            6
   Shatter                            Earth                        9


   Skills:
 * Level 11.6(0.0) Fighting
 * Level 13.1(0.0) Maces & Flails
 * Level 12.0(0.0) Armour
   Level 3.6(0.0) Shields
 + Level 0.4(0.0) Invocations


You had 10 spell levels left.
You didn't know any spells.

Dungeon Overview and Level Annotations

Branches:
Dungeon (10/15)            Temple (1/1) D:6             Orc (1/4) D:9
   Lair (0/8) D:9

Altars:
Ashenzari
Cheibriados
Dithmenos
Elyvilon
Fedhas
Kikubaaqudgha
Makhleb
Nemelex Xobeh
Okawaru
Qazlal
Sif Muna
Trog
Vehumet
Xom
Yredelemnul
Zin
The Shining One

Shops:
D:7 *

Annotations:
D:10 Sonja


Innate Abilities, Weirdness & Mutations

You reflexively headbutt those who attack you in melee.
You have a pair of horns on your head.


Message History

You feel sick. The scorpion stings you.
* * * LOW HITPOINT WARNING * * *
You are lethally poisoned!
The scorpion poisons you!
You puncture the scorpion!
You headbutt the scorpion, but do no damage.
The scorpion is severely wounded.
* * * LOW HITPOINT WARNING * * *
You feel sick.
The scorpion stings you but does no damage.
Your plate armour prevents you from hitting the scorpion.
Your headbutt misses the scorpion.
The scorpion is severely wounded.
* * * LOW HITPOINT WARNING * * *
You feel sick.
The scorpion stings you but does no damage. x2
You hit the scorpion.
You headbutt the scorpion, but do no damage.
The scorpion is almost dead.
You die...

##.# #...# ###'#####
###.# ........# #.#
........# ####.###
........# #......#
........#####......#
.......('..........#
........#####......#
##+###### #..s@..#
#.# #......# #.#
###.#### ##.# #..#
#..# ###.#### #.##
#......# #'#######
#......# ........#
#......# ........#
#......#


You could see a scorpion.

Vanquished Creatures
  The ghost of Chaositek the Grappler, an experienced VSMo of Elyvilon (D:9)
  Pikel (D:5)
  The ghost of ghwc the Basher, an experienced KoGl (D:5)
  A gargoyle (D:10)
  A spiny frog (D:9)
  A two-headed ogre (D:8)
  2 trolls
  Prince Ribbit (D:7)
  A trapdoor spider (D:10)
  A hill giant zombie (D:10)
  A hungry ghost (D:10)
  Eustachio (D:6)
  2 deep elf magi (D:9)
  Grum (D:10)
  A wyvern (D:10)
  2 humans (D:7)
  3 wolves (D:10)
  3 ice beasts
  A soldier ant (D:8)
  2 sky beasts
  A spider (D:8)
  A yellow wasp (D:8)
  3 ogres
  A manticore zombie (D:10)
  4 slaves (D:5)
  A phantom (D:8)
  A necrophage (D:9)
  6 orc warriors
  4 centaurs
  The ghost of Turgon the Chiller, an average DsIE (D:4)
  Duvessa (D:8)
  8 giant frogs
  3 jellies
  2 wights (D:10)
  A tengu skeleton (D:10)
  A goliath beetle (D:6)
  6 crimson imps
  Dowan (D:8)
  7 orc priests
  2 hounds (D:7)
  Crazy Yiuf (D:5)
  A giant frog skeleton (D:9)
  3 iguanas
  Natasha (thrice) (D:5)
  8 orc wizards
  11 worker ants
  A big kobold skeleton (D:6)
  Jessica (D:2)
  A mummy (D:7)
  4 gnolls (D:4)
  12 adders
  A giant mite (D:5)
  An inept item mimic (D:7)
  A shadow imp (D:5)
  2 worms
  An adder skeleton (D:4)
  3 giant geckos
  69 orcs
  4 giant cockroaches
  10 goblins
  13 hobgoblins
  14 jackals
  4 quokkas
  4 ball pythons
  14 bats
  3 giant newts
  9 kobolds
  10 rats
292 creatures vanquished.

Vanquished Creatures (others)
  An iguana (D:9)
1 creature vanquished.

Grand Total: 293 creatures vanquished

Notes
Turn   | Place    | Note
--------------------------------------------------------------
     0 | D:1      | Heini, the Minotaur Fighter, began the quest for the Orb.
     0 | D:1      | Reached XP level 1. HP: 19/19 MP: 1/1
   126 | D:1      | Reached skill level 4 in Fighting
   135 | D:1      | Reached XP level 2. HP: 27/27 MP: 1/1
   799 | D:2      | Reached XP level 3. HP: 34/34 MP: 2/2
   962 | D:2      | Found a stormy altar of Qazlal.
  1167 | D:2      | Noticed Jessica
  1172 | D:2      | Killed Jessica
  1383 | D:3      | Reached XP level 4. HP: 34/41 MP: 2/2
  1592 | D:3      | Reached skill level 5 in Fighting
  1985 | D:3      | Found a deep blue altar of Sif Muna.
  1987 | D:3      | Found a glowing golden altar of the Shining One.
  1990 | D:3      | Found a shimmering altar of Xom.
  1991 | D:3      | Found a shadowy altar of Dithmenos.
  1991 | D:3      | Found a radiant altar of Vehumet.
  1996 | D:3      | Found an ancient bone altar of Kikubaaqudgha.
  2006 | D:3      | Found a basalt altar of Yredelemnul.
  2069 | D:3      | Reached XP level 5. HP: 48/48 MP: 2/2
  2190 | D:4      | Found a blossoming altar of Fedhas.
  2193 | D:4      | Reached skill level 5 in Armour
  2473 | D:4      | Noticed Turgon's ghost (average DsIE)
  2492 | D:4      | Killed Turgon's ghost
  2492 | D:4      | Reached skill level 5 in Maces & Flails
  2492 | D:4      | Reached XP level 6. HP: 23/56 MP: 3/3
  3054 | D:5      | Entered Level 5 of the Dungeon
  3075 | D:5      | Reached skill level 6 in Armour
  3144 | D:5      | Noticed Crazy Yiuf
  3150 | D:5      | Killed Crazy Yiuf
  3221 | D:5      | Reached XP level 7. HP: 57/63 MP: 3/3
  3239 | D:5      | Noticed Natasha
  3251 | D:5      | Killed Natasha
  3286 | D:5      | Noticed Pikel
  3306 | D:5      | Killed Pikel
  3306 | D:5      | Reached skill level 7 in Fighting
  3306 | D:5      | Reached XP level 8. HP: 12/73 MP: 3/3
  3510 | D:5      | Reached skill level 8 in Maces & Flails
  3673 | D:5      | Noticed ghwc's ghost (experienced KoGl)
  3675 | D:5      | Noticed Natasha
  3686 | D:5      | Killed Natasha
  3718 | D:5      | HP: 2/73 [worker ant (4)]
  3723 | D:5      | HP: 1/73 [poisoned by ghwc's ghost]
  3993 | D:5      | Killed ghwc's ghost
  4243 | D:5      | Noticed Natasha
  4247 | D:5      | Killed Natasha
  4402 | D:5      | Reached skill level 9 in Maces & Flails
  4639 | D:6      | Reached XP level 9. HP: 73/82 MP: 4/4
  4703 | D:6      | Found a staircase to the Ecumenical Temple.
  4710 | Temple   | Entered the Ecumenical Temple
  4883 | D:6      | Noticed Eustachio
  4931 | D:6      | Killed Eustachio
  5532 | D:7      | Noticed Prince Ribbit
  5563 | D:7      | Killed Prince Ribbit
  5563 | D:7      | Reached skill level 10 in Maces & Flails
  5958 | D:7      | Found an iron altar of Okawaru.
  5983 | D:7      | Reached skill level 10 in Armour
  5995 | D:7      | Became a worshipper of Warmaster Okawaru
  6035 | D:7      | Found an iron altar of Okawaru.
  6035 | D:7      | Found a bloodstained altar of Trog.
  6071 | D:7      | Found Zin's Purification Station.
  6093 | D:7      | Found a glowing silver altar of Zin.
  6525 | D:8      | Acquired Okawaru's first power
  6832 | D:8      | Noticed Dowan
  6836 | D:8      | Killed Dowan
  6841 | D:8      | Reached XP level 10. HP: 91/93 MP: 4/4
  6843 | D:8      | Noticed Duvessa
  6856 | D:8      | Killed Duvessa
  6858 | D:8      | Reached skill level 10 in Fighting
  6867 | D:8      | Reached skill level 11 in Maces & Flails
  7317 | D:9      | Noticed Chaositek's ghost (experienced VSMo)
  7340 | D:9      | Killed Chaositek's ghost
  7518 | D:9      | Found a staircase to the Orcish Mines.
  7902 | D:9      | Found a staircase to the Lair.
  7941 | D:9      | Reached skill level 12 in Maces & Flails
  8532 | Orc:1    | Entered Level 1 of the Orcish Mines
  8982 | D:9      | Found a glowing golden altar of the Shining One.
  9085 | D:10     | Entered Level 10 of the Dungeon
  9182 | D:10     | Reached XP level 11. HP: 83/102 MP: 4/4
  9260 | D:10     | Noticed Grum
  9295 | D:10     | Killed Grum
  9295 | D:10     | Reached skill level 13 in Maces & Flails
  9846 | D:10     | Noticed Sonja
  9937 | D:9      | HP: 5/103 [scorpion (2)]
  9939 | D:9      | HP: 2/103 [poisoned by a scorpion]
  9940 | D:9      | Succumbed to a scorpion's poison

Action                   |  1- 3 |  4- 6 |  7- 9 | 10-12 || total
-------------------------+-------+-------+-------+-------++-------
Melee: Flail             |    70 |   188 |   396 |    45 ||   699
       Dire flail        |       |       |       |   341 ||   341
Invok: Heroism           |       |       |       |     2 ||     2
  Use: Scroll            |       |    11 |     5 |     2 ||    18
       Potion            |       |       |     2 |     3 ||     5
  Eat: Chunk             |       |     8 |    18 |    13 ||    39
